 Dungeon Crawl Stone Soup version 0.31.0-9-g3a7656b989 (webtiles) character file.

Game seed: 9425802789552089263

410 qw the Shooter (level 6, -5/51 HPs)
             Began as a Demigod Hunter on Feb 2, 2024.
             Slain by a two-headed ogre
             ... wielding a +0 giant club
              (13 damage)
             ... on level 5 of the Dungeon.
             The game lasted 00:00:12 (2903 turns).

qw the Shooter (Demigod Hunter)                     Turns: 2903, Time: 00:00:12

Health: -5/51      AC:  6    Str: 12    XL:     6   Next: 32%
Magic:  8/8        EV: 17    Int: 11    God:
Gold:   149        SH:  0    Dex: 25    Spells: 5/5 levels left

rFire   . . .        i - -2 hand cannon
rCold   . . .        (no shield)
rNeg    . . .        g - +0 ring mail
rPois   .            (no helmet)
rElec   .            j - +0 cloak
rCorr   +            (no gloves)
SInv    .            (no boots)
Will    .....        (no amulet)
Stlth   ++           f - +5 ring of evasion
HPRegen 0.28/turn    c - ring of resist corrosion
MPRegen 0.11/turn

%: no passive effects
@: about to teleport, hasted, very quick
A: high MP 1, forlorn, divine attributes
a: no special abilities


You were on level 5 of the Dungeon.
You visited 1 branch of the dungeon, and saw 5 of its levels.

You collected 165 gold pieces.
You spent 16 gold pieces at shops.


Innate Abilities, Weirdness & Mutations

You have an increased reservoir of magic. (+10% MP)
You shall have no god before yourself.
Your divine heritage dramatically boosts your attributes as you level up.


   Skills:
 - Level 3.3 Fighting
 - Level 6.1 Ranged Weapons
 - Level 1.1 Armour
 + Level 2.7 Dodging
 - Level 0.8 Stealth


You had 5 spell levels left.
You didn't know any spells.
Your spell library was empty.

Inventory:

Hand Weapons
 i - a -2 hand cannon (weapon)
Armour
 g - a +0 ring mail (worn)
 j - a +0 cloak (worn)
Jewellery
 c - a ring of resist corrosion (right hand)
 f - a +5 ring of evasion (left hand)
Potions
 h - 2 potions of curing

Dungeon Overview and Level Annotations

Branches:
Dungeon (5/15)
 Temple: D:4-7

Shops:
D:2 *?   D:4 *


Message History

You shoot a bolt. The bolt barely misses the iguana.
You shoot a bolt.
The bolt hits the iguana but does no damage.
You hear two shouts!
You hear an angry hiss.
The iguana misses you. The iguana barely misses you.
You shoot a bolt. The bolt hits the iguana.
The iguana is lightly wounded.
The iguana misses you.
A two-headed ogre comes into view.
It is wielding a +0 giant club and a +0 giant spiked club.
You shoot a bolt. The bolt completely misses the iguana.
The iguana bites you but does no damage.
You shoot a bolt. The bolt hits the iguana!
The iguana is almost dead.
The iguana completely misses you.
The two-headed ogre hits you with a +0 giant club!
The two-headed ogre misses you.
You shoot a bolt.
The bolt hits the iguana but does no damage.
The iguana is almost dead.
The iguana misses you.
An iguana comes into view.
You shoot a bolt. The bolt hits the iguana.
You kill the iguana!
The two-headed ogre misses you. The two-headed ogre closely misses you.
You shoot a bolt. The bolt hits the two-headed ogre!!
The two-headed ogre is moderately wounded.
The two-headed ogre hits you with a +0 giant club!
The two-headed ogre barely misses you.
You shoot a bolt. The bolt hits the two-headed ogre!
The two-headed ogre is heavily wounded.
The two-headed ogre hits you with a +0 giant club!
The two-headed ogre misses you.
2902 ||| READING scroll of teleportation.
As you read the scroll of teleportation, it crumbles to dust.
You feel strangely unstable.
The iguana hisses menacingly.
You shoot a bolt. The bolt hits the two-headed ogre!!
The two-headed ogre is almost dead.
The two-headed ogre hits you with a +0 giant club!
You die...

### # ## ..#
.##..#.##Ol#
... #...@##
#..#.##(0#
## #..##.#.#
.. #....###
#..##.#..#
#..#)##..# .
#....###
#..#.##..#
#..##.#.#


You could see a two-headed ogre and an iguana.

Vanquished Creatures
  A centaur (D:5)
  A bombardier beetle (D:4)
  2 orc priests (D:3)
  A hound (D:4)
  2 iguanas
  2 adders (D:3)
  4 gnolls (D:2)
  2 ribbon worms (D:4)
  3 dart slugs
  7 orcs
  10 ball pythons
  4 bats
  3 endoplasms
  4 giant cockroaches
  2 goblins
  5 hobgoblins
  6 jackals
  4 quokkas
  A frilled lizard (D:1)
  12 kobolds
  5 rats
81 creatures vanquished.

Notes
Turn   | Place    | Note
-------+----------+-------------------------------------------
     0 | D:1      | qw the Demigod Hunter began the quest for the Orb.
     0 | D:1      | Reached XP level 1. HP: 17/17 MP: 3/3
     0 | D:1      | 0 ||| qw: Version: 0.3-a-155-g5e7d8dd
     0 | D:1      | 0 ||| qw: Game counter: 239
     0 | D:1      | 0 ||| qw: Melee chars always use a shield: true
     0 | D:1      | 0 ||| qw: God list: Okawaru
     0 | D:1      | 0 ||| qw: Allow faded altars: false
     0 | D:1      | 0 ||| qw: Do Orc after clearing Dungeon:15 true
     0 | D:1      | 0 ||| qw: Do second Lair branch before Depths: true
     0 | D:1      | 0 ||| qw: Lair rune preference: random
     0 | D:1      | 0 ||| qw: Goals: Normal
     0 | D:1      | 0 ||| PLANNING D:1-11
   172 | D:1      | Reached skill level 4 in Ranged Weapons
   237 | D:1      | Reached XP level 2. HP: 24/24 MP: 4/4
   716 | D:1      | 716 ||| UPGRADING to +0 ring mail.
   726 | D:1      | 726 ||| DROPPING +0 leather armour.
   727 | D:1      | 727 ||| UPGRADING to +0 cloak.
   732 | D:1      | 732 ||| UPGRADING to +5 ring of evasion.
   733 | D:1      | 733 ||| READING scroll labelled KILLAE ORASMY.
   734 | D:1      | 734 ||| READING 2 scrolls labelled UFEUVE GITSA.
   777 | D:1      | 777 ||| DROPPING scroll of butterflies.
   778 | D:1      | 778 ||| DROPPING scroll of torment.
   786 | D:2      | 786 ||| STAIRDANCE
   836 | D:2      | Reached XP level 3. HP: 29/29 MP: 5/5
   917 | D:2      | Found Dememips's General Store.
   923 | D:2      | 923 ||| SHOPLISTING +1 leather armour of Voovuveff {rC+
                  | Will+} (266 gold, have 38).
   923 | D:2      | 923 ||| SHOPLISTING +2 heavy shortbow (174 gold, have 38).
  1095 | D:2      | Found Puumadav's Magic Scroll Shoppe.
  1100 | D:2      | 1100 ||| SHOPLISTING scroll of acquirement (728 gold, have
                  | 38).
  1100 | D:2      | 1100 ||| SHOPLISTING scroll of enchant weapon (105 gold,
                  | have 38).
  1100 | D:2      | 1100 ||| SHOPLISTING scroll of teleportation (42 gold, have
                  | 38).
  1207 | D:2      | 1207 ||| FLEEEEING.
  1210 | D:2      | 1210 ||| FLEEEEING.
  1211 | D:2      | 1211 ||| FLEEEEING.
  1212 | D:2      | 1212 ||| FLEEEEING.
  1213 | D:2      | 1213 ||| FLEEEEING.
  1214 | D:2      | 1214 ||| FLEEEEING.
  1215 | D:2      | 1215 ||| FLEEEEING.
  1216 | D:2      | 1216 ||| FLEEEEING.
  1217 | D:2      | 1217 ||| FLEEEEING.
  1218 | D:2      | 1218 ||| FLEEEEING.
  1219 | D:2      | 1219 ||| FLEEEEING.
  1220 | D:2      | 1220 ||| FLEEEEING.
  1221 | D:2      | 1221 ||| FLEEEEING.
  1222 | D:2      | 1222 ||| FLEEEEING.
  1223 | D:2      | 1223 ||| FLEEEEING.
  1224 | D:2      | 1224 ||| FLEEEEING.
  1225 | D:2      | 1225 ||| FLEEEEING.
  1226 | D:2      | 1226 ||| FLEEEEING.
  1227 | D:2      | 1227 ||| FLEEEEING.
  1228 | D:2      | 1228 ||| FLEEEEING.
  1229 | D:2      | 1229 ||| FLEEEEING.
  1230 | D:2      | 1230 ||| FLEEEEING.
  1231 | D:2      | 1231 ||| FLEEEEING.
  1232 | D:2      | 1232 ||| FLEEEEING.
  1233 | D:2      | 1233 ||| FLEEEEING.
  1234 | D:2      | 1234 ||| FLEEEEING.
  1235 | D:2      | 1235 ||| FLEEEEING.
  1236 | D:2      | 1236 ||| FLEEEEING.
  1237 | D:2      | 1237 ||| FLEEEEING.
  1238 | D:2      | 1238 ||| FLEEEEING.
  1239 | D:2      | 1239 ||| FLEEEEING.
  1240 | D:2      | 1240 ||| FLEEEEING.
  1247 | D:2      | Reached skill level 5 in Ranged Weapons
  1336 | D:2      | Reached XP level 4. HP: 36/36 MP: 6/6
  1464 | D:2      | 1464 ||| DROPPING amulet of magic regeneration.
  1465 | D:2      | 1465 ||| READING scroll labelled XAUPNA DIUNAM.
  1470 | D:2      | 1470 ||| READING 4 scrolls labelled OROQI AZOEMOOM.
  1470 | D:2      | 1470 ||| IDENTIFYING grey potion
  1471 | D:2      | 1471 ||| READING 3 scrolls of identify.
  1471 | D:2      | 1471 ||| IDENTIFYING purple potion
  1472 | D:2      | 1472 ||| READING 2 scrolls of identify.
  1472 | D:2      | 1472 ||| IDENTIFYING 2 coppery potions
  1473 | D:2      | 1473 ||| READING scroll of identify.
  1473 | D:2      | 1473 ||| IDENTIFYING scroll labelled JAOLYESSUA
  1474 | D:2      | 1474 ||| READING scroll labelled AXZAUR LYAXODU.
  1475 | D:2      | 1475 ||| DROPPING scroll of fear.
  1521 | D:3      | 1521 ||| RETREEEEATING.
  1524 | D:3      | Reached skill level 1 in Armour
  1535 | D:3      | HP: 9/36 [orc/+0 whip (2)]
  1536 | D:3      | 1536 ||| DRINKING potion of heal wounds.
  1548 | D:3      | HP: 6/36 [orc priest/+0 hand axe (6)]
  1552 | D:3      | HP: 2/36 [orc priest/+0 hand axe (4)]
  1784 | D:3      | Reached XP level 5. HP: 41/41 MP: 7/7
  2202 | D:3      | 2202 ||| READING 2 scrolls of identify.
  2202 | D:3      | 2202 ||| IDENTIFYING metallic golden potion
  2203 | D:3      | 2203 ||| READING scroll of identify.
  2203 | D:3      | 2203 ||| IDENTIFYING silvery potion
  2204 | D:3      | 2204 ||| READING scroll labelled JUITHA HAUCW.
  2204 | D:3      | 2204 ||| ENCHANTING +0 shortbow.
  2205 | D:3      | 2205 ||| DROPPING potion of brilliance.
  2206 | D:3      | 2206 ||| DROPPING potion of lignification.
  2288 | D:4      | 2288 ||| FLEEEEING.
  2352 | D:4      | Reached skill level 6 in Ranged Weapons
  2372 | D:4      | Found Teqozaok's Lightly-Used Armoury.
  2381 | D:4      | 2381 ||| BUYING -1 longbow (15 gold).
  2381 | D:4      | Bought a -1 longbow for 15 gold pieces
  2381 | D:4      | 2381 ||| BUYING -3 hand cannon (1 gold).
  2381 | D:4      | Bought a -3 hand cannon for 1 gold piece
  2381 | D:4      | 2381 ||| SWAPPING to -3 hand cannon.
  2382 | D:4      | 2382 ||| DROPPING +1 shortbow.
  2383 | D:4      | 2383 ||| DROPPING -1 longbow.
  2599 | D:4      | 2599 ||| READING scroll of enchant weapon.
  2599 | D:4      | 2599 ||| ENCHANTING -3 hand cannon.
  2823 | D:4      | 2823 ||| UPGRADING to ring of resist corrosion.
  2824 | D:4      | 2824 ||| READING 2 scrolls of identify.
  2824 | D:4      | 2824 ||| IDENTIFYING 2 blue potions
  2825 | D:4      | 2825 ||| READING scroll of identify.
  2825 | D:4      | 2825 ||| IDENTIFYING scroll labelled OBBIDO ZIRGHE
  2826 | D:4      | 2826 ||| DROPPING 2 potions of degeneration.
  2827 | D:4      | 2827 ||| DROPPING scroll of blinking.
  2845 | D:5      | Entered Level 5 of the Dungeon
  2883 | D:5      | Noticed a centaur
  2884 | D:5      | 2884 ||| DRINKING potion of haste.
  2886 | D:5      | Killed a centaur
  2887 | D:5      | Reached skill level 3 in Fighting
  2887 | D:5      | Reached XP level 6. HP: 51/51 MP: 8/8
  2895 | D:5      | Noticed a two-headed ogre
  2901 | D:5      | HP: 8/51 [two-headed ogre/+0 giant club (14)]
  2902 | D:5      | 2902 ||| READING scroll of teleportation.
  2903 | D:5      | Slain by a two-headed ogre

Levels and vault maps discovered:
D:1:      minmay_arrival_cross, layout_basic
D:2:      layout_basic, serial_shops, shop, shop
D:3:      layout_basic, gammafunk_temple_overflow_elements
D:4:      layout_rooms, grunt_temple_overflow_forces_of_nature,
          grunt_ministairs_2, minmay_shop_damaged, dreamdust_princess_bridge,
          serial_bayou_ford_a
D:5:      layout_loops_cross, makhleb_altar_promises_db,
          ebering_ghost_reflecting_pool, serial_shops,
          nicolae_shop_hallway_plus, nicolae_eternal_life

Skill      XL: |  1  2  3  4  5 |
---------------+----------------+-----
Ranged Weapons | 4 5 6 |  6.1
Fighting       | 2 3 |  3.3
Armour         | 1 |  1.1
Dodging        | 2 |  2.7
Stealth        | |  0.8

Action                     |  1- 3 |  4- 6 || total
---------------------------+-------+-------++-------
   Fire: Shortbow          |   106 |   107 ||   213
         Hand cannon       |       |    33 ||    33
    Use: Scroll            |     2 |    13 ||    15
         Potion            |       |     2 ||     2
 Armour: Leather armour    |     8 |       ||     8
         Ring mail         |     9 |    38 ||    47
  Dodge: Dodged            |    30 |    83 ||   113

Table legend:
 A = Non-vault XP
 B = Vault XP
 C = Vault XP percentage of total XP
 D = Non-vault monster count
 E = Vault monster count
 F = Vault count percentage of total count
                 A         B        C        D         E       F
            +---------+---------+-------+---------+---------+-------
      Total |     537 |      50 |   8.5 |      79 |       2 |   2.5
            +---------+---------+-------+---------+---------+-------
        D:1 |      43 |       0 |   0.0 |      22 |       0 |   0.0
        D:2 |      77 |       0 |   0.0 |      16 |       0 |   0.0
        D:3 |     145 |       0 |   0.0 |      21 |       0 |   0.0
        D:4 |     117 |      50 |  29.9 |      18 |       2 |  10.0
        D:5 |     155 |       0 |   0.0 |       2 |       0 |   0.0
            +---------+---------+-------+---------+---------+-------
